 Dungeon Crawl Stone Soup version 0.26-a0-835-g8259106e14 (webtiles) character file.

Game seed: 6423068601516805012

116736 dickylongcocking the Unseen (level 16, -5/114 HPs)
             Began as an Octopode Fighter on Nov 17, 2020.
             Was the Champion of Fedhas.
             Slain by a tarantella (24 damage)
             ... on level 3 of the Lair of Beasts.
             The game lasted 00:53:41 (40129 turns).

dickylongcocking the Unseen (Octopode Fighter)     Turns: 40129, Time: 00:53:41

Health: -5/114     AC: 10    Str: 21    XL:     16   Next: 72%
Magic:  13/25      EV: 16    Int: 19    God:    Fedhas [******]
Gold:   1488       SH:  0    Dex: 22    Spells: 11/15 levels left

rFire    + + .     SeeInvis +     - Unarmed
rCold    + . .     Faith    .   s - +4 kite shield {AC+3}
rNeg     . . .     Spirit   .   D - +2 hat {MR+}
rPois    +         Reflect  +   c - amulet of reflection
rElec    +         Harm     .   f - +6 ring of strength
rCorr    .         Rampage  .   k - +4 ring of evasion
MR       ++...                  Q - ring of wizardry
Stlth    ++++++++..             N - +4 ring of evasion
HPRegen  0.29/turn              I - ring "Soufyrgh" {Dex+5 SInv}
MPRegen  0.19/turn              R - ring "Nouda" {rF+ rC+}
                                A - ring "Budyuqeb" {rElec rF+ AC+4 Int+4 Dex+3}
                                P - ring of poison resistance

@: radiating poison, very slightly contaminated, held
A: almost no armour, stealthy swim, amphibious, 8 rings, constrict 8, camouflage
1, gelatinous body 1
a: Wall of Briars, Grow Ballistomycete, Overgrow, Grow Oklob, Renounce Religion


You were on level 3 of the Lair of Beasts.
You worshipped Fedhas.
Fedhas was exalted by your worship.
You visited 4 branches of the dungeon, and saw 24 of its levels.
You also visited: Gauntlet and Ice Cave.

You collected 2567 gold pieces.
You spent 1079 gold pieces at shops.

Inventory:

Missiles
 e - 25 silver javelins
 o - 4 curare-tipped darts
 q - 11 javelins (quivered)
 J - 24 boomerangs
Armour
 s - a +4 kite shield of protection (worn)
 D - a +2 hat of magic resistance (worn)
 O - the +0 hat "Biwud" {rPois rN+}
   (You found it in a Gauntlet)

   It protects you from poison.
   It protects you from negative energy.
Jewellery
 c - an amulet of reflection (around mantle)
 f - a +6 ring of strength (left tentacle)
 j - the ring "Zaxua" {MR+ SInv Stlth-}
   (You found it on level 14 of the Dungeon)

   [ring of attention]

   It affects your resistance to hostile enchantments.
   It lets you see invisible.
   It makes you less stealthy.
 k - a +4 ring of evasion (right tentacle)
 A - the ring "Budyuqeb" (on tentacle) {rElec rF+ AC+4 Int+4 Dex+3}
   (You found it on level 12 of the Dungeon)

   [ring of protection]

   It affects your AC (+4).
   It affects your intelligence (+4).
   It affects your dexterity (+3).
   It protects you from fire.
   It insulates you from electricity.
 B - an uncursed ring of resist corrosion
 E - the amulet "Pylut" {RegenMP Dex+2}
   (You took it off a frost giant in an ice cave)

   [amulet of magic regeneration]

   It increases your magic regeneration.
   It affects your dexterity (+2).
 G - an uncursed ring of magical power
 I - the ring "Soufyrgh" (on tentacle) {Dex+5 SInv}
   (You found it in a Gauntlet)

   [ring of see invisible]

   It affects your dexterity (+5).
   It lets you see invisible.
 N - a +4 ring of evasion (on tentacle)
 P - a ring of poison resistance (on tentacle)
 Q - a ring of wizardry (on tentacle)
 R - the ring "Nouda" (on tentacle) {rF+ rC+}
   (You acquired it on level 3 of the Lair of Beasts)

   [ring of protection from cold]

   It protects you from fire.
   It protects you from cold.
 T - an uncursed ring of magical power
 W - an uncursed ring of stealth
Wands
 y - a wand of disintegration (14)
 H - a wand of random effects (25)
 M - a wand of iceblast (6)
 V - a wand of enslavement (8)
 X - a wand of paralysis (6)
 Z - a wand of flame (68)
Scrolls
 a - 2 scrolls of holy word
 d - 8 scrolls of enchant weapon
 g - 10 scrolls of fog
 i - 10 scrolls of remove curse
 l - 17 scrolls of teleportation
 n - 5 scrolls of immolation
 p - 6 scrolls of identify
 u - a scroll of enchant armour
 w - 6 scrolls of magic mapping
 C - 3 scrolls of fear
 U - a scroll of silence
Potions
 b - a potion of berserk rage
 h - a potion of invisibility
 m - 7 potions of heal wounds
 r - 8 potions of ambrosia
 t - a potion of might
 v - 9 potions of brilliance
 x - a potion of mutation
 z - a potion of magic
 F - a potion of resistance
 K - 3 potions of flight
 L - 2 potions of haste
 S - 6 potions of curing
Miscellaneous
 Y - a phantom mirror


   Skills:
 * Level 12.3 Fighting
 * Level 9.4 Throwing
 * Level 3.1 Dodging
 * Level 16.1 Stealth
 * Level 11.4 Shields
 * Level 13.8 Unarmed Combat
 * Level 0.2 Poison Magic
 * Level 12.4 Invocations
 * Level 9.6 Evocations


You had 11 spell levels left.
You knew the following spells:

 Your Spells              Type           Power        Failure   Level
a - Olgreb's Toxic Radia  Pois           #.......     71%         4

Your spell library contained the following spells:

 Spells                   Type           Power        Failure   Level
 Sting                    Tmut/Pois      #...         12%         1
 Corona                   Hex            #......      13%         1
 Foxfire                  Conj/Fire      #...         13%         1
 Magic Dart               Conj           #...         13%         1
 Summon Small Mammal      Summ           #...         13%         1
 Blink                    Tloc           N/A          19%         2
 Call Imp                 Summ           #.......     19%         2
 Ensorcelled Hibernation  Hex/Ice        #.....       19%         2
 Poisonous Vapours        Pois/Air       #.....       19%         2
 Searing Ray              Conj           #.....       19%         2
 Slow                     Hex            #.......     19%         2
 Call Canine Familiar     Summ           #.......     34%         3
 Conjure Flame            Conj/Fire      #.......     34%         3
 Dazzling Flash           Conj/Hex       #.....       34%         3
 Ignite Poison            Fire/Tmut/Pois #.......     34%         3
 Inner Flame              Hex/Fire       #.......     34%         3
 Mephitic Cloud           Conj/Pois/Air  #.......     34%         3
 Portal Projectile        Hex/Tloc       #.....       34%         3
 Summon Guardian Golem    Hex/Summ       #.......     34%         3
 Cause Fear               Hex            #.........   75%         4
 Fulminant Prism          Conj/Hex       #.........   75%         4
 Ice Form                 Ice/Tmut       #.......     75%         4
 Iskenderun's Mystic Bla  Conj/Tloc      #.......     75%         4
 Leda's Liquefaction      Hex/Erth       #.........   75%         4
 Sticky Flame             Conj/Fire      #.......     75%         4
 Summon Ice Beast         Ice/Summ       #.......     75%         4
 Summon Lightning Spire   Summ/Air       #.......     75%         4
 Bolt of Magma            Conj/Fire/Erth #.........   96%         5
 Fireball                 Conj/Fire      #.........   96%         5
 Metabolic Englaciation   Hex/Ice        #.........   96%         5
 Freezing Cloud           Conj/Ice/Air   #.........   100%        6
 Iron Shot                Conj/Erth      #.........   100%        6
 Ozocubu's Refrigeration  Ice            #.........   100%        6
 Simulacrum               Ice/Necr       #.........   100%        6
 Starburst                Conj/Fire      #.........   100%        6
 Dragon's Call            Summ           #.........   100%        9


Dungeon Overview and Level Annotations

Branches:
Dungeon (15/15)            Temple (0/1) D:5            Lair (6/6) D:8
 Shoals (0/4) Lair:4       Spider (1/4) Lair:3        Slime (0/5) Lair:6
    Orc (2/2) D:9             Elf (0/3) Orc:2        Vaults (0/5) D:14
 Depths (0/5) D:15          IceCv (visited)         Gauntlet (visited)

Altars:
Ashenzari
Cheibriados
Fedhas
Kikubaaqudgha
Okawaru
Qazlal
Ru
Trog
Vehumet
Wu Jian
Yredelemnul
Zin
Beogh
Jiyva

Shops:
D:4 [   Orc:2 [[?!?

Portals:
Trove: D:14 (give +7 demon trident)

Annotations:
Lair:6 1 runed translucent door


Innate Abilities, Weirdness & Mutations

You cannot wear most types of armour.
You are very stealthy in the water. (Stealth+)
You are amphibious.
You can wear up to eight rings at the same time.
You can use your tentacles to constrict eight enemies at once.
Your skin changes colour to match your surroundings (Stealth+).
Your rubbery body absorbs attacks. (AC +1, EV +1)


Message History

The jumping spider bites you but does no damage.
The tarantella misses you. You block the moth of wrath's attack.
Unknown command.
Unknown command.
Unknown command.
Casting: Olgreb's Toxic Radiance (dangerous; 71% risk of failure)
Confirm with . or Enter, or press ? or * to list all spells.
Your toxic radiance grows in intensity.
The tarantella looks even sicker.
The jumping spider looks even sicker.
The tarantella looks even sicker.
The jumping spider looks as sick as possible!
You block the tarantella's attack. The jumping spider pounces on you!
You are caught in a web!
The jumping spider bites you. The tarantella closely misses you.
The tarantella bites you! The jumping spider pounces on you!!
* * * LOW HITPOINT WARNING * * *
The jumping spider closely misses you. The moth of wrath bites you.
* * * LOW HITPOINT WARNING * * *
The tarantella bites you!!
You die...
Fedhas appreciates your contribution to the ecosystem.

#.....### #...#....##....
#.....# #..##......#..#
##....####### ####^...###....
#.....#.#...#####^.^....#.#..#
#.......)....##^...^##......#.
##..........##.^.^^##.......##
#..........##^^^^.##..........
##.........#sys.^^#...........
#........##s@..###...........
#........#....## #.##........
#........###### ####.....###
##...........### ##.....###
#............P.### #P......#
##...........)...# #.......#
#P...............#####..#..'#
##....>..........#.##...#.8.#
#.................##.......##


You could see a moth of wrath (very poisoned), a jumping spider (berserk,
extremely poisoned) and 2 tarantellas.

Vanquished Creatures
  Gastronok (Lair:2)
  A storm dragon (D:14)
  An azure jelly (shapeshifter) (D:14)
  2 frost giants
  An entropy weaver (shapeshifter) (Gauntlet)
  7 slime creatures
  A fire dragon (D:13)
  A rakshasa (D:15)
  A boulder beetle (D:14)
  9 hydras
  Fannar (D:12)
  Harold (Lair:2)
  2 centaur warriors
  3 vault guards (D:14)
  A catoblepas (Gauntlet)
  Erica (Lair:2)
  A two-headed ogre (shapeshifter) (Gauntlet)
  3 tengu warriors
  3 two-headed ogres
  12 death yaks
  Nergalle (Lair:4)
  A fire crab (Orc:2)
  3 orc high priests (Orc:2)
  2 skeletal warriors (D:13)
  A deep elf knight (D:14)
  A flayed ghost (D:14)
  2 unseen horrors
  3 wizards
  A necromancer (D:14)
  2 wolf spiders (Lair:3)
  An orc knight (Orc:1)
  6 orc sorcerers (Orc:2)
  3 cyclopes
  5 ugly things
  A shining eye (Orc:1)
  4 centaur zombies (D:15)
  7 elephants
  A manticore (Orc:2)
  An ice statue (IceCv)
  6 black mambas
  A guardian serpent (Orc:2)
  2 gargoyles
  10 cane toads
  A freezing wraith (D:14)
  7 komodo dragons
  4 rime drakes
  A kobold demonologist (D:14)
  A yaktaur (D:15)
  2 meliai (Lair:5)
  5 trolls
  3 jumping spiders (Lair:3)
  A queen bee (Lair:5)
  22 polar bears
  5 hornets
  A snapping turtle (Lair:4)
  5 dream sheep (Lair:4)
  5 blink frogs (Lair:4)
  A centaur simulacrum (D:14)
  18 flying skulls (D:12)
  49 yaks
  2 redbacks
  12 spriggans (Lair:6)
  3 tarantellas
  4 wyverns
  A water elemental (D:15)
  18 humans (D:14)
  A hog (shapeshifter) (D:14)
  4 wraiths
  A vampire (D:12)
  5 basilisks
  6 vampire mosquitoes
  2 wargs
  4 soldier ants
  A water moccasin (shapeshifter) (Gauntlet)
  6 water moccasins
  An acid dragon (D:14)
  A floating eye (shapeshifter) (Gauntlet)
  2 sky beasts
  29 orc warriors
  3 ice beasts
  2 black bears (Lair:6)
  An eye of draining (D:14)
  A necrophage (D:10)
  5 phantoms
  49 wolves
  7 centaurs
  17 ogres
  5 boggarts (Lair:6)
  Blork the orc (D:4)
  23 bullfrogs
  A water moccasin zombie (D:9)
  3 wyvern zombies
  A scorpion (D:4)
  21 killer bees
  14 wights
  A howler monkey (D:10)
  2 jellies
  3 quasits
  2 bullfrog zombies
  2 hounds
  27 orc priests
  6 bullfrog skeletons
  5 centaur skeletons
  5 iguanas
  Natasha (twice) (D:4)
  31 orc wizards
  10 worker ants
  A howler monkey zombie (D:6)
  A worker ant zombie (D:10)
  18 adders
  6 shadow imps
  4 white imps
  4 ufetubi
  An ooze (D:3)
  A worm (D:5)
  3 dart slugs
  5 leopard geckos
  113 orcs
  12 giant cockroaches
  6 goblins
  7 hobgoblins
  8 jackals
  8 quokkas
  2 ball pythons
  5 bats
  6 frilled lizards
  2 jackal zombies
  12 kobolds
  8 rats
835 creatures vanquished.

Vanquished Creatures (collateral kills)
  Jorgrun (Orc:1)
  A frost giant (D:14)
  A minotaur (Gauntlet)
  4 death yaks (Lair:3)
  A wizard (D:14)
  A deep elf mage (D:11)
  A meliai (Lair:5)
  6 yaks
  A wraith (D:10)
  A basilisk (D:8)
  A vampire mosquito (D:13)
  A water moccasin (D:6)
  2 orc warriors
  A wolf (Lair:6)
  A scorpion (D:6)
  2 wights (D:9)
  12 killer bees
  An orc priest (D:10)
  A bullfrog skeleton (D:13)
  2 orc wizards (Orc:1)
  An iguana (D:6)
  A worker ant (D:10)
  An adder (D:6)
  7 orcs
  A jackal (D:6)
  27 ballistomycete spores
80 creatures vanquished.

Vanquished Creatures (others)
  A centaur warrior (D:15)
  A slime creature (D:15)
  An orc (D:13)
  A ballistomycete spore (Lair:5)
  49 fungi
  66 plants
119 creatures vanquished.

Grand Total: 1034 creatures vanquished

Notes
Turn   | Place    | Note
-------+----------+-------------------------------------------
     0 | D:1      | dickylongcocking the Octopode Fighter began the quest for
                  | the Orb.
     0 | D:1      | Reached XP level 1. HP: 16/16 MP: 1/1
   107 | D:1      | Reached XP level 2. HP: 18/21 MP: 2/2
   643 | D:1      | Reached XP level 3. HP: 19/26 MP: 3/3
  1188 | D:2      | Found a blossoming altar of Fedhas.
  1197 | D:2      | Became a worshipper of Fedhas Madash
  1427 | D:2      | Reached XP level 4. HP: 31/31 MP: 4/4
  2225 | D:3      | Reached * piety under Fedhas
  2247 | D:3      | Reached skill level 5 in Unarmed Combat
  2271 | D:3      | Reached XP level 5. HP: 36/36 MP: 5/5
  2552 | D:3      | Reached XP level 6. HP: 42/42 MP: 6/6
  2691 | D:3      | Reached ** piety under Fedhas
  2861 | D:4      | Noticed a phantom
  3028 | D:3      | Killed a phantom
  3029 | D:3      | Reached XP level 7. HP: 25/46 MP: 7/7
  3239 | D:4      | Found Jepell's Armour Boutique.
  3418 | D:4      | Reached skill level 1 in Stealth
  3434 | D:4      | Bought a +0 kite shield of protection for 149 gold pieces
  3463 | D:4      | Noticed Blork the orc
  3472 | D:4      | Killed Blork the orc
  3473 | D:4      | Reached skill level 2 in Stealth
  3529 | D:4      | Reached skill level 3 in Stealth
  3540 | D:4      | Noticed Natasha
  3548 | D:4      | Reached XP level 8. HP: 47/54 MP: 8/8
  3555 | D:4      | Killed Natasha
  3921 | D:4      | Noticed Natasha
  3933 | D:4      | Killed Natasha
  3934 | D:4      | Reached skill level 4 in Stealth
  4040 | D:4      | Found a snail-covered altar of Cheibriados.
  4040 | D:4      | Found an iron altar of Okawaru.
  4107 | D:5      | Entered Level 5 of the Dungeon
  4132 | D:5      | You fall into a shaft and drop 1 floor!
  4239 | D:6      | Reached skill level 1 in Invocations
  4551 | D:5      | Reached *** piety under Fedhas
  4557 | D:5      | Reached skill level 5 in Stealth
  4995 | D:5      | Reached skill level 5 in Fighting
  5104 | D:5      | Found a radiant altar of Vehumet.
  5265 | D:5      | Found a staircase to the Ecumenical Temple.
  5359 | D:5      | Reached skill level 6 in Stealth
  5359 | D:5      | Reached XP level 9. HP: 39/61 MP: 11/11
  6760 | D:7      | Found a broken altar of Ashenzari.
  6761 | D:7      | Found an ancient bone altar of Kikubaaqudgha.
  6767 | D:7      | Found a basalt altar of Yredelemnul.
  6767 | D:7      | Found a blossoming altar of Fedhas.
  7317 | D:7      | Found an ornate altar of the Wu Jian Council.
  7439 | D:7      | Reached skill level 7 in Stealth
  7609 | D:7      | Noticed a two-headed ogre
  7618 | D:7      | Killed a two-headed ogre
  7619 | D:7      | Reached skill level 5 in Invocations
  7873 | D:7      | Noticed a komodo dragon
  7879 | D:7      | Killed a komodo dragon
  7880 | D:7      | Reached skill level 8 in Stealth
  7880 | D:7      | Reached XP level 10. HP: 69/69 MP: 12/14
  8191 | D:8      | Found a staircase to the Lair.
  8192 | D:8      | Noticed an elephant
  8234 | D:8      | Killed an elephant
  8397 | D:8      | Found a stormy altar of Qazlal.
  8472 | D:8      | Found a sacrificial altar of Ru.
  8708 | D:9      | Found a staircase to the Orcish Mines.
  8724 | D:9      | Reached skill level 5 in Shields
  8729 | D:9      | Reached skill level 10 in Unarmed Combat
  8741 | D:9      | Reached **** piety under Fedhas
  8801 | D:9      | Reached skill level 9 in Stealth
  8823 | D:9      | Found a glowing silver altar of Zin.
 10249 | D:9      | Found a roughly hewn altar of Beogh.
 10258 | D:9      | Reached XP level 11. HP: 75/75 MP: 16/16
 10284 | D:10     | Entered Level 10 of the Dungeon
 10312 | D:10     | Reached skill level 10 in Stealth
 12165 | D:11     | Reached ***** piety under Fedhas
 12451 | D:11     | Noticed a tengu warrior
 12464 | D:11     | Killed a tengu warrior
 12465 | D:11     | Noticed a two-headed ogre
 12479 | D:11     | Killed a two-headed ogre
 12740 | D:11     | Reached skill level 1 in Throwing
 13083 | D:11     | Noticed a deep elf mage
 13108 | D:11     | Killed a deep elf mage
 13109 | D:11     | Reached skill level 11 in Stealth
 13442 | Lair:1   | Entered Level 1 of the Lair of Beasts
 13831 | Lair:1   | Reached XP level 12. HP: 52/84 MP: 18/18
 14045 | Lair:1   | Identified the Volume of Creative Heat
 14065 | Lair:1   | Noticed a five-headed hydra
 14090 | Lair:1   | Killed a five-headed hydra
 14858 | Lair:2   | Found a gate leading to a gauntlet.
 14866 | Gauntlet | Entered a Gauntlet
 14866 | Gauntlet | Found a transporter.
 14866 | Gauntlet | Found a transporter.
 14866 | Gauntlet | Noticed a catoblepas
 14867 | Gauntlet | Found a transporter.
 14870 | Gauntlet | Found a transporter.
 14870 | Gauntlet | Found a transporter.
 14884 | Gauntlet | Found a transporter.
 14884 | Gauntlet | Found a transporter.
 14886 | Gauntlet | Found a large runed translucent door.
 14887 | Gauntlet | Found a large runed translucent door.
 14888 | Gauntlet | Found a large runed translucent door.
 14888 | Gauntlet | Found a large runed translucent door.
 14888 | Gauntlet | Found a runed translucent door.
 14889 | Gauntlet | Found a large runed translucent door.
 14890 | Gauntlet | Found a large runed translucent door.
 14891 | Gauntlet | Found a large runed translucent door.
 14891 | Gauntlet | Found a large runed translucent door.
 14892 | Gauntlet | Found a runed translucent gate.
 14894 | Gauntlet | Found a transporter.
 14896 | Gauntlet | Noticed a cacodemon
 14897 | Gauntlet | Identified the ring "Soufyrgh" {Dex+5 SInv}
 14922 | Gauntlet | Noticed a goliath frog
 14922 | Gauntlet | a cyclops changed into a goliath frog
 14926 | Gauntlet | a goliath frog changed into a tyrant leech
 14931 | Gauntlet | Noticed an alligator
 14931 | Gauntlet | a tyrant leech changed into an alligator
 14985 | Gauntlet | Found a transporter.
 14997 | Gauntlet | Found a transporter.
 14999 | Gauntlet | Found a transporter.
 15001 | Gauntlet | Found a large runed translucent door.
 15002 | Gauntlet | Found a large runed translucent door.
 15003 | Gauntlet | Found a large runed translucent door.
 15003 | Gauntlet | Found a large runed translucent door.
 15003 | Gauntlet | Found a runed translucent door.
 15004 | Gauntlet | Found a large runed translucent door.
 15005 | Gauntlet | Found a large runed translucent door.
 15006 | Gauntlet | Found a large runed translucent door.
 15006 | Gauntlet | Found a large runed translucent door.
 15007 | Gauntlet | Found a runed translucent gate.
 15007 | Gauntlet | Found a runed translucent gate.
 15009 | Gauntlet | Found a transporter.
 15085 | Gauntlet | Killed a catoblepas
 15175 | Gauntlet | Reached skill level 1 in Evocations
 15193 | Gauntlet | Got a heavily runed hat
 15198 | Gauntlet | Identified the cursed +0 hat "Biwud" {rPois rN+} (You found
                  | it in a Gauntlet)
 15280 | Gauntlet | Noticed a satyr
 15285 | Gauntlet | Paralysed by a floating eye for 2 turns
 15309 | Gauntlet | Noticed a two-headed ogre
 15309 | Gauntlet | a deep troll changed into a two-headed ogre
 15310 | Gauntlet | Killed a two-headed ogre
 15311 | Gauntlet | Reached skill level 12 in Stealth
 15328 | Gauntlet | Noticed an entropy weaver
 15336 | Gauntlet | Killed an entropy weaver
 15770 | Gauntlet | Noticed a minotaur
 15790 | Gauntlet | Killed a minotaur
 15862 | Lair:2   | Noticed Gastronok
 15880 | Lair:2   | Killed Gastronok
 16115 | Lair:2   | Noticed Erica
 16122 | Lair:2   | Killed Erica
 16255 | Lair:2   | Noticed Harold
 16269 | Lair:2   | Killed Harold
 16270 | Lair:2   | Reached XP level 13. HP: 79/90 MP: 20/20
 17211 | Lair:3   | Identified a scroll of acquirement
 17212 | Lair:3   | Acquired the ring "Nouda" {rF+ rC+}
 17256 | Lair:3   | Reached skill level 5 in Throwing
 17282 | Lair:3   | Found a frozen archway.
 17296 | IceCv    | Entered an ice cave
 17999 | IceCv    | Reached skill level 13 in Stealth
 18142 | IceCv    | Reached skill level 10 in Fighting
 18884 | IceCv    | Reached skill level 5 in Evocations
 19028 | IceCv    | Noticed a frost giant
 19036 | IceCv    | Reached skill level 10 in Invocations
 20094 | IceCv    | Identified the amulet "Pylut" {RegenMP Dex+2}
 20132 | IceCv    | Killed a frost giant
 20335 | IceCv    | Identified the Reference Book on Frigorific Earth
 21029 | Lair:3   | Reached XP level 14. HP: 54/99 MP: 21/21
 21202 | Lair:3   | Found a hole to the Spider Nest.
 22736 | Orc:1    | Entered Level 1 of the Orcish Mines
 23308 | Orc:1    | Noticed Jorgrun
 23332 | Orc:1    | Killed Jorgrun
 23491 | Orc:2    | Entered Level 2 of the Orcish Mines
 23561 | Orc:2    | Found a staircase to the Elven Halls.
 23720 | Orc:2    | Found Jouj's Armour Boutique.
 23723 | Orc:2    | Paralysed by an orc sorcerer for 4 turns
 23819 | Orc:2    | Found Guoban's Antique Armour Shop.
 24252 | Orc:2    | Reached skill level 14 in Stealth
 25312 | Orc:2    | Found Ujuxosea's Magic Scroll Shop.
 25313 | Orc:2    | Found Otanea's Distillery.
 25318 | Orc:2    | Found Fosenk's Magic Scroll Emporium.
 25414 | Orc:2    | Bought a potion of heal wounds for 65 gold pieces
 25414 | Orc:2    | Bought a potion of heal wounds for 65 gold pieces
 25414 | Orc:2    | Bought a potion of heal wounds for 65 gold pieces
 25414 | Orc:2    | Bought a potion of heal wounds for 65 gold pieces
 25414 | Orc:2    | Bought a potion of heal wounds for 65 gold pieces
 25414 | Orc:2    | Bought 2 potions of might for 104 gold pieces
 25419 | Orc:2    | Bought a potion of curing for 39 gold pieces
 25419 | Orc:2    | Bought a potion of curing for 39 gold pieces
 25427 | Orc:2    | Bought a scroll of fear for 56 gold pieces
 25427 | Orc:2    | Bought a scroll of teleportation for 48 gold pieces
 25427 | Orc:2    | Bought a scroll of magic mapping for 56 gold pieces
 25429 | Orc:2    | Bought a scroll of teleportation for 51 gold pieces
 25429 | Orc:2    | Bought 3 scrolls of fear for 178 gold pieces
 25429 | Orc:2    | Bought a scroll of fog for 34 gold pieces
 26670 | Lair:4   | Reached skill level 10 in Shields
 26682 | Lair:4   | Noticed Nergalle
 26923 | Lair:4   | Killed Nergalle
 27335 | Lair:4   | Reached XP level 15. HP: 75/106 MP: 23/23
 28074 | Lair:4   | Found a staircase to the Shoals.
 30071 | Lair:6   | Entered Level 6 of the Lair of Beasts
 30601 | Lair:6   | Reached skill level 15 in Stealth
 31567 | Lair:6   | Found a runed translucent door.
 31567 | Lair:6   | Found a viscous altar of Jiyva.
 31567 | Lair:6   | Found a staircase to the Slime Pits.
 31959 | D:12     | Found a bloodstained altar of Trog.
 32252 | D:12     | Found the +3 giant club "Skullcrusher" {speed, Str+7}
 32901 | D:12     | Noticed Fannar
 32912 | D:12     | Killed Fannar
 33008 | D:12     | Got a glittering bronze ring
 33010 | D:12     | Identified the ring "Budyuqeb" {rElec rF+ AC+4 Int+4 Dex+3}
                  | (You found it on level 12 of the Dungeon)
 34734 | D:13     | Found an ancient bone altar of Kikubaaqudgha.
 35403 | D:14     | Reached XP level 16. HP: 94/114 MP: 24/24
 36138 | D:14     | Noticed a storm dragon
 36597 | D:14     | Noticed a sphinx
 36597 | D:14     | an emperor scorpion changed into a sphinx
 36598 | D:14     | a sphinx changed into a dire elephant
 36599 | D:14     | Killed a storm dragon
 36604 | D:14     | Noticed an azure jelly
 36604 | D:14     | an iron troll changed into an azure jelly
 36610 | D:14     | Killed an azure jelly
 36926 | D:14     | Got a crude granite ring
 36929 | D:14     | Identified the ring "Zaxua" {MR+ SInv Stlth-} (You found it
                  | on level 14 of the Dungeon)
 37216 | D:14     | Reached ****** piety under Fedhas
 37301 | D:14     | Found a gate to the Vaults.
 37929 | D:14     | Found a portal to a secret trove of treasure.
 38487 | D:15     | Entered Level 15 of the Dungeon
 38624 | D:15     | Reached skill level 16 in Stealth
 39385 | D:15     | Found a staircase to the Depths.
 39560 | D:15     | Learned a level 4 spell: Olgreb's Toxic Radiance
 39807 | Spider:1 | Entered Level 1 of the Spider Nest
 40129 | Lair:3   | Slain by a tarantella

Illustrated notes

Levels and vault maps discovered:
D:1:      saegor_arrival_simple_a, layout_loops_corners, nrook_mini_backslash
D:2:      layout_rooms, fedhas_altar_3
D:3:      layout_basic, minmay_misc_feat_roman
D:4:      layout_basic, gammafunk_temple_overflow_wave, serial_shops, shop,
          st_stairs_8, uniq_natasha, uniq_blork_the_orc
D:5:      layout_basic, general_overflow_altar, minmay_temple_entry_arrows
D:6:      layout_cave_pools
D:7:      layout_loops_corners, lemuel_coloured_pillars_altar,
          grunt_temple_overflow_open, minmay_three_doors
D:8:      layout_basic, nicolae_qazlal_style_of_elements, david_lair_generic,
          basic_altar
D:9:      layout_roguey, zin_scriptorium, minmay_orc_entry_temple_small,
          minmay_fountain_box, minmay_microvault
D:10:     layout_rooms, special_room [special_room_orc],
          minmay_fractal_squares_diagonal_5
D:11:     layout_roguey, minmay_librarian
D:12:     minmay_weird_star, layout_long_grid, basic_altar,
          minmay_guarded_unrand_skullcrusher, uniq_fannar
D:13:     dragon1_lemuel, layout_rooms, basic_altar
D:14:     kennysheep_large_spiral, layout_long_grid, grunt_vaults_entry_tiered,
          grunt_decor_arrowhead, enter_trove_5, grunt_ministairs_14
D:15:     grunt_enter_depths_snipers, layout_small_grid, serial_bayou_pond_b
Lair:1:   layout_regular_city
Lair:2:   layout_layer_cave, gauntlet_entry_generic, grunt_megastairs_4,
          infiniplex_staircase_pool_2, serial_bayou_shore_b, uniq_erica,
          uniq_gastronok, uniq_harold
Lair:3:   layout_cellular_growth, spider_nest_entry_funnel_web,
          portal_ice_cave_entry_pillars_1, serial_bayou_shore_a,
          grunt_megastairs_5
Lair:4:   layout_hall_layers, minmay_shoals_entry_hut, uniq_nergalle
Lair:5:   layout_roguey [special_room_bee]
Lair:6:   minmay_lair_end_enchanted_forest, layout_gridlike, slime_altar_2
Spider:1: layout_spider_delve, drop_trap, worms_lemuel
Orc:1:    layout_diamond_mine, uniq_jorgrun
Orc:2:    st_orc_elflike, layout_diamond_mine, serial_shops,
          nicolae_shop_statue_plus, nicolae_orc_pool_cavern

Skill      XL: |  1  2  3  4  5  6  7  8  9 10 11 12 13 14 15 16 |
---------------+-------------------------------------------------+-----
Unarmed Combat | 3 4 5 6 7 8 9 10 11 12 13 | 13.8
Stealth        | 3 6 8 9 11 12 13 14 15 16 | 16.1
Fighting       | 4 5 6 7 8 9 10 11 12 | 12.3
Invocations    | 3 5 6 8 9 10 11 12 | 12.4
Shields        | 4 5 7 8 9 10 11 | 11.4
Throwing       | 2 4 6 7 8 9 |  9.4
Evocations     | 3 5 7 8 9 |  9.6
Dodging        | |  3.1
Poison Magic   | |  0.2

Action                   |  1- 3 |  4- 6 |  7- 9 | 10-12 | 13-15 | 16-18 || total
-------------------------+-------+-------+-------+-------+-------+-------++-------
Melee: Unarmed           |    72 |   130 |   240 |   527 |  1171 |   328 ||  2468
       Tentacles         |    19 |    28 |    49 |   142 |   380 |   127 ||   745
       Constrict         |    21 |    29 |    40 |    86 |   179 |    42 ||   397
       Punch             |     1 |     5 |    21 |    54 |   192 |    64 ||   337
Throw: Dart              |       |       |       |     3 |       |       ||     3
       Javelin           |       |       |       |    41 |     9 |       ||    50
 Cast: Olgreb's Toxic Ra |       |       |       |       |       |     3 ||     3
Invok: Wall of Briars    |       |       |     2 |    24 |    22 |     3 ||    51
       Grow Ballistomyce |       |       |     2 |     3 |     6 |     2 ||    13
       Grow Oklob        |       |       |       |       |     2 |       ||     2
Evoke: Wand              |       |       |       |    15 |    77 |    21 ||   113
       Phantom mirror    |       |       |       |       |     1 |     1 ||     2
  Use: Potion            |       |     2 |     9 |     8 |     7 |     5 ||    31
       Scroll            |       |       |       |    24 |    20 |     5 ||    49
 Stab: Sleeping          |     4 |     5 |    10 |    30 |    57 |    19 ||   125
       Distracted        |       |       |       |     2 |    12 |     1 ||    15
       Paralysed         |       |       |       |       |     7 |     6 ||    13
Armor: Skin              |     3 |     3 |    63 |    36 |    86 |    37 ||   228
Dodge: Dodged            |    15 |    29 |    58 |   150 |   387 |   108 ||   747
Block: Kite shield       |    25 |    91 |   138 |   404 |  1110 |   328 ||  2096
       Reflection        |       |     1 |     4 |    12 |    11 |     8 ||    36

Table legend: (Time is in decaauts)
 A = Elapsed time spent in this place.
 B = Non-inter-level travel time spent in this place.
 C = Inter-level travel time spent in this place.
 D = Time resting spent in this place.
 E = Time spent auto-exploring this place.
 F = Levels seen in this place.
 G = Mean time per level.
                   A        B        C        D        E       F      G
               +--------+--------+--------+--------+--------+-----+--------+
         Total |  39850 |  38483 |   1367 |  12589 |  18940 |  26 | 1532.7 |
       Dungeon |  21327 |  20515 |    812 |   4990 |  11676 |  15 | 1421.8 |
          Lair |  11372 |  10918 |    454 |   3916 |   5315 |   6 | 1895.3 |
   Spider Nest |      8 |      8 |      0 |      0 |      0 |   1 |    8.0 |
  Orcish Mines |   2961 |   2861 |    100 |   1226 |    944 |   2 | 1480.5 |
      Ice Cave |   3195 |   3195 |      0 |   1953 |    785 |   1 | 3195.0 |
      Gauntlet |    985 |    985 |      0 |    504 |    219 |   1 |  985.0 |
               +--------+--------+--------+--------+--------+-----+--------+

Top non-repeatable levels by time:
  Lair:3: 3315 daAuts
   IceCv: 3195 daAuts
    D:14: 3101 daAuts
    D:12: 2255 daAuts
   Orc:2: 1990 daAuts
  Lair:5: 1879 daAuts
    D:11: 1769 daAuts
  Lair:6: 1709 daAuts
     D:9: 1621 daAuts
     D:5: 1617 daAuts
  Lair:2: 1556 daAuts
  Lair:1: 1477 daAuts
    D:10: 1470 daAuts
  Lair:4: 1434 daAuts
     D:7: 1232 daAuts
